 Dungeon Crawl Stone Soup version 0.30.0-5-g1a98f26d00 (webtiles) character file.

Game seed: 2390010045730325020

4 SnakkuSnakku7 the Firebug (level 1, 0/9 HPs)
             Began as a Vine Stalker Fire Elementalist on May 13, 2023.
             Slain by a jackal (1 damage)
             ... on level 1 of the Dungeon.
             The game lasted 00:00:22 (107 turns).

SnakkuSnakku7 the Firebug (VSFE)                     Turns: 107, Time: 00:00:23

Health: 0/9        AC:  2    Str: 10    XL:     1   Next: 60%
Magic:  0/4        EV: 12    Int: 15    God:
Gold:   13         SH:  0    Dex: 14    Spells: 3/4 levels left

rFire   . . .        (no weapon)
rCold   . . .        (no shield)
rNeg    . . .        a - +0 robe
rPois   .            (no helmet)
rElec   .            (no cloak)
rCorr   .            (no gloves)
SInv    .            (no boots)
Will    .....        (no amulet)
Stlth   ++           (no ring)
HPRegen 0.21/turn    (no ring)
MPRegen 0.09/turn

%: guardian spirit
@: no status effects
A: fangs 2, magic shield, antimagic bite, no potion heal 2
a: no special abilities


You were on level 1 of the Dungeon.
You visited 1 branch of the dungeon, and saw 1 of its levels.

You collected 13 gold pieces.

Inventory:

Armour
 a - a +0 robe (worn)
Scrolls
 c - a scroll of identify {unknown}
Potions
 b - a potion of magic


   Skills:
 + Level 0.5 Fighting
 - Level 1.5 Dodging
 - Level 2.4 Stealth
 + Level 0.6 Unarmed Combat
 - Level 2.1 Spellcasting
 - Level 1.0 Conjurations
 - Level 3.0 Fire Magic


You had 3 spell levels left.
You knew the following spells:

 Your Spells              Type           Power      Damage    Failure   Level
a - Foxfire               Conj/Fire      28%        2x1d5     10%         1

Your spell library contained the following spells:

 Spells                   Type           Power      Damage    Failure   Level
 Scorch                   Fire           20%        2d5       10%         2
 Inner Flame              Hex/Fire       6%         N/A       34%         3
 Volatile Blastmotes      Fire/Tloc      12%        2d11      34%         3
 Flame Wave               Conj/Fire      7%         2d5       67%         4


Dungeon Overview and Level Annotations

Branches:
Dungeon (1/15)

Altars:


Innate Abilities, Weirdness & Mutations

You have extremely sharp teeth.
When hurt, damage is shared between your health and your magic reserves.
Your bite disrupts and absorbs the magic of your enemies.
Potions cannot restore your health.


Message History

The endoplasm attacks as you move away! The endoplasm closely misses you.
The endoplasm attacks as you move away! The endoplasm misses you.
The endoplasm closely misses you. The endoplasm attacks as you move away!
The endoplasm closely misses you. The endoplasm attacks as you move away!
The endoplasm misses you.
You hit the endoplasm. You bite the endoplasm. You drain its power.
You feel invigorated.
The endoplasm is severely wounded.
The endoplasm barely misses you.
You hit the endoplasm.
You kill the endoplasm!
You hit the jackal. You bite the jackal, but do no damage.
The jackal is lightly wounded.
The jackal bites you. The jackal closely misses you.
You closely miss the jackal.
The jackal is lightly wounded.
The jackal barely misses you.
You barely miss the jackal. Your bite misses the jackal.
The jackal is lightly wounded.
The jackal barely misses you.
You hit the jackal.
The jackal is moderately wounded.
The jackal bites you. x2
You hit the jackal.
The jackal is severely wounded.
The jackal barely misses you.
You hit the jackal but do no damage. Your bite misses the jackal.
The jackal is severely wounded.
The jackal closely misses you. The jackal bites you.
You hit the jackal but do no damage.
The jackal is severely wounded.
The jackal bites you.
You closely miss the jackal.
The jackal is severely wounded.
The jackal bites you.
* * * LOW HITPOINT WARNING * * *
You closely miss the jackal. You bite the jackal, but do no damage.
The jackal is severely wounded.
The jackal barely misses you. The jackal bites you.
You die...

#.##.## #.....#
###.....###
...........########..
##########..........
#.##...###.##
#............
#.##...######
#.###@## #..##h#
#...#h# #....h#
#.#.### #.h.#
........## #########


You could see 3 jackals.

Vanquished Creatures
  An endoplasm (D:1)
  A goblin (D:1)
  A frilled lizard (D:1)
  A rat (D:1)
4 creatures vanquished.

Notes
Turn   | Place    | Note
-------+----------+-------------------------------------------
     0 | D:1      | SnakkuSnakku7 the Vine Stalker Fire Elementalist began the
                  | quest for the Orb.
     0 | D:1      | Reached XP level 1. HP: 9/9 MP: 4/4
   107 | D:1      | Slain by a jackal

Illustrated notes

Levels and vault maps discovered:
D:1:      tarquinn_simple_flora_water_c, layout_loops_ring,
          ebering_ecumenical_altar_mist, minivault_5, minivault_11

Action                     || total
---------------------------++-------
  Melee: Unarmed           ||    27
         Bite              ||     3
 Armour: Robe              ||     3
  Dodge: Dodged            ||    19
